 Dungeon Crawl Stone Soup version 0.28.0-43-g3370ac3207 (webtiles) character file.

Game seed: 16726750396467776071

703 diana the Skirmisher (level 7, -1/48 (56) HPs)
             Began as a Demonspawn Gladiator on Mar 20, 2022.
             Was an Initiate of Okawaru.
             Slain by Edmund
             ... wielding a +2 flail of draining
              (9 damage)
             ... on level 6 of the Dungeon.
             The game lasted 00:08:44 (7043 turns).

diana the Skirmisher (Demonspawn Gladiator)         Turns: 7043, Time: 00:08:44

HP:   -1/48 (56)    AC: 13    Str: 17    XL:     7   Next: 39%
MP:   8/8           EV: 12    Int:  9    God:    Okawaru [......]
Gold: 246           SH:  0    Dex: 14    Spells: 6/6 levels left

rFire   . . .      SeeInvis .   a - +0 quarterstaff
rCold   . . .      Faith    .   (shield currently unavailable)
rNeg    + . .      Spirit   .   b - +0 leather armour
rPois   .          Reflect  .   t - +2 helmet
rElec   .          Harm     .   m - +0 cloak
rCorr   .          Rampage  .   (no gloves)
Will    .....                   (no boots)
Stlth   +.........              (no amulet)
HPRegen 0.16/turn               c - ring of positive energy
MPRegen 0.11/turn               (no ring)

@: sanguine armoured, heavily drained
A: claws 2, sanguine armour 1
a: Renounce Religion


You were on level 6 of the Dungeon.
You worshipped Okawaru.
Okawaru was noncommittal.
You visited 1 branch of the dungeon, and saw 6 of its levels.

You collected 246 gold pieces.

Inventory:

Hand Weapons
 a - a +0 quarterstaff (weapon)
Missiles
 d - 3 throwing nets (quivered)
Armour
 b - a +0 leather armour (worn)
 m - a +0 cloak (worn)
 t - a +2 helmet (worn)
Jewellery
 c - a ring of positive energy (left claw)
 v - a +4 ring of evasion
Wands
 o - a wand of flame (9)
Scrolls
 i - a scroll of magic mapping {unknown}
 j - 3 scrolls of identify
 n - a scroll of noise {unknown}
 p - a scroll of enchant armour {unknown}
 q - a scroll of torment {unknown}
 r - 2 scrolls of immolation {unknown}
 u - a scroll of brand weapon {unknown}
 w - 2 scrolls of teleportation {unknown}
Potions
 e - a potion of heal wounds {unknown}
 f - a potion of cancellation {unknown}
 g - 4 potions of curing
 h - 2 potions of attraction {unknown}
 k - a potion of mutation {unknown}
 l - a potion of berserk rage {unknown}
 s - 2 potions of ambrosia {unknown}


   Skills:
 + Level 5.4 Fighting
 + Level 5.3 Staves
 - Level 1.7 Throwing
 + Level 2.3 Armour
 - Level 3.0 Dodging
 + Level 2.5 Invocations


You had 6 spell levels left.
You didn't know any spells.
Your spell library contained the following spells:

 Spells                   Type           Power      Damage    Failure   Level
 Slow                     Hex            0%         N/A       43%         1
 Confusing Touch          Hex            0%         N/A       82%         3
 Vampiric Draining        Necr           0%         2d6       82%         3


Dungeon Overview and Level Annotations

Branches:
Dungeon (6/15)             Temple (0/1) D:5

Altars:
Dithmenos
Okawaru
Ru
The Shining One

Annotations:
D:3 2 transporters, diceflayer's ghost, amateur MiFi
D:6 Edmund


Innate Abilities, Weirdness & Mutations

You have very sharp fingernails.
When seriously injured, your blood forms armour. (AC +6)


Message History

Edmund is moderately wounded.
Edmund hits you with a +2 flail of draining!
You partially resist.
You feel drained.
You hit Edmund.
Edmund is moderately wounded.
Edmund barely misses you.
You hit Edmund.
Edmund is heavily wounded.
Edmund closely misses you.
You hit Edmund.
Edmund is heavily wounded.
Edmund hits you with a +2 flail of draining!
Your blood congeals into armour.
You partially resist.
You feel drained.
You hit Edmund.
Edmund is severely wounded.
Edmund hits you with a +2 flail of draining!
You partially resist.
You feel drained.
You barely miss Edmund.
Edmund is severely wounded.
Edmund hits you with a +2 flail of draining.
You partially resist.
You feel drained.
* * * LOW HITPOINT WARNING * * *
You hit Edmund but do no damage.
Edmund is severely wounded.
Edmund misses you.
You closely miss Edmund.
Edmund is severely wounded.
Edmund hits you with a +2 flail of draining!
* * * LOW HITPOINT WARNING * * *
You partially resist.
You feel drained.
You feel better. Edmund hits you but does no damage. You partially resist.
You hit Edmund.
Edmund is severely wounded.
Edmund hits you with a +2 flail of draining!
* * * LOW HITPOINT WARNING * * *
You partially resist.
You feel drained.
You hit Edmund.
Edmund is almost dead.
Edmund hits you with a +2 flail of draining!
You die...

#.# #(# #####.#
......##### #
####.......#.###
................
#..........
#@#.#.#.### . #
#@#.# #
....#.#.#.#
#....<..#
###.###^# ...
..# #.# #.# #.
#.. # #.# #.#


You could see Edmund.

Vanquished Creatures
  An ogre (D:5)
  A scorpion (D:4)
  A gnoll sergeant (D:4)
  A howler monkey (D:5)
  A jelly (D:4)
  An iguana (D:5)
  An orc wizard (D:3)
  Natasha (thrice) (D:2)
  A hound skeleton (D:5)
  Robin (D:4)
  12 gnolls
  6 adders
  An adder zombie (D:5)
  A worm (D:2)
  3 dart slugs
  8 orcs
  5 endoplasms
  4 giant cockroaches
  7 hobgoblins
  10 kobolds
  3 quokkas
  3 ball pythons
  4 bats
  4 frilled lizards
  11 goblins (D:4)
  4 rats
98 creatures vanquished.

Vanquished Creatures (others)
  A centaur skeleton (D:5)
  A goblin (D:4)
2 creatures vanquished.

Grand Total: 100 creatures vanquished

Notes
Turn   | Place    | Note
-------+----------+-------------------------------------------
     0 | D:1      | diana the Demonspawn Gladiator began the quest for the Orb.
     0 | D:1      | Reached XP level 1. HP: 16/16 MP: 1/1
   372 | D:1      | Gained mutation: When seriously injured, your blood forms
                  | armour. (AC +6) [demonic ancestry]
   372 | D:1      | Reached XP level 2. HP: 22/22 MP: 2/2
  1135 | D:2      | Reached XP level 3. HP: 28/28 MP: 3/3
  1278 | D:2      | Found a faded altar of an unknown god.
  1376 | D:2      | Noticed Natasha
  1385 | D:2      | Killed Natasha
  1529 | D:2      | Noticed Natasha
  1596 | D:2      | Killed Natasha
  1597 | D:2      | Gained mutation: You have sharp fingernails. [demonic
                  | ancestry]
  1597 | D:2      | Reached XP level 4. HP: 10/35 MP: 4/4
  2209 | D:2      | Noticed Natasha
  2215 | D:2      | Killed Natasha
  2680 | D:3      | Reached XP level 5. HP: 27/42 MP: 5/5
  2792 | D:3      | Noticed a phantom
  2896 | D:3      | Found a transporter.
  2989 | D:3      | Found a transporter.
  3063 | D:3      | Noticed diceflayer's ghost (amateur MiFi)
  4165 | D:4      | Found a large runed translucent door.
  4166 | D:4      | Found a large runed translucent door.
  4355 | D:4      | Reached XP level 6. HP: 39/49 MP: 6/6
  4440 | D:4      | Noticed Robin
  4441 | D:4      | Found a sacrificial altar of Ru.
  4445 | D:4      | Killed Robin
  4795 | D:4      | Found a shadowy altar of Dithmenos.
  4898 | D:4      | Reached skill level 1 in Armour
  5216 | D:4      | Found an iron altar of Okawaru.
  5229 | D:4      | Became a worshipper of Warmaster Okawaru
  5252 | D:5      | Entered Level 5 of the Dungeon
  5280 | D:4      | Reached skill level 5 in Staves
  5420 | D:4      | Reached skill level 5 in Fighting
  5728 | D:4      | Reached skill level 1 in Invocations
  6097 | D:5      | Gained mutation: You have very sharp fingernails. [demonic
                  | ancestry]
  6097 | D:5      | Reached XP level 7. HP: 56/56 MP: 8/8
  6632 | D:5      | Found a staircase to the Ecumenical Temple.
  7017 | D:6      | Noticed Edmund
  7043 | D:6      | Slain by Edmund

Illustrated notes

Levels and vault maps discovered:
D:1:      wander_arrival_peaceful_grave, layout_loops_corners,
          minmay_box_of_dots
D:2:      layout_basic, ebering_ecumenical_altar_webs, uniq_natasha
D:3:      layout_loops_ring, gammafunk_ghost_arena, glass_columns_a,
          minmay_crystal_water, serial_bayou_pond_d
D:4:      layout_cave_pools, mainiacjoe_overflow_catwalk_spiral,
          jmf_multi_god_temple2, kennysheep_nondescript,
          grunt_decor_mini_mirrors, uniq_robin
D:5:      layout_basic, lemuel_temple_firewalk_a
D:6:      layout_basic, uniq_edmund

Skill      XL: |  1  2  3  4  5  6  7 |
---------------+----------------------+-----
Staves         | 3 4 5 |  5.3
Dodging        | 3 |  3.0
Fighting       | 3 4 5 |  5.4
Armour         | 1 2 |  2.3
Invocations    | 1 2 |  2.5
Throwing       | |  1.7

Action                   |  1- 3 |  4- 6 |  7- 9 || total
-------------------------+-------+-------+-------++-------
Melee: Quarterstaff      |    94 |   260 |    62 ||   416
  Use: Scroll            |       |       |     1 ||     1
       Potion            |       |       |     1 ||     1
 Stab: Sleeping          |     1 |       |       ||     1
       Distracted        |       |     1 |       ||     1
Armor: Leather armour    |    33 |    87 |    21 ||   141
Dodge: Dodged            |    64 |   187 |    35 ||   286
